 Dungeon Crawl Stone Soup version 0.30.0-29-ga12c61a403 (webtiles) character file.

Game seed: 16973773448050265530

78 ChrisAssaf the Stinger (level 4, -2/31 HPs)
             Began as a Demonspawn Venom Mage on June 25, 2023.
             Was an Initiate of Ru.
             Slain by a gnoll
             ... wielding a +0 flail
              (6 damage)
             ... on level 3 of the Dungeon.
             The game lasted 00:06:46 (1056 turns).

ChrisAssaf the Stinger (Demonspawn Venom Mage)      Turns: 1056, Time: 00:06:47

Health: -2/31      AC:  2    Str: 10 (11) XL:     4   Next: 15%
Magic:  4/7        EV: 12    Int: 15 (16) God:    Ru [......]
Gold:   52         SH:  0    Dex: 11 (13) Spells: 2/8 levels left

rFire   . . .        f - +0 war axe
rCold   . . .        (no shield)
rNeg    . . .        a - +0 robe
rPois   .            (no helmet)
rElec   .            (no cloak)
rCorr   .            (no gloves)
SInv    .            (no boots)
Will    .....        (no amulet)
Stlth   ++           (no ring)
HPRegen 0.25/turn    (no ring)
MPRegen 0.10/turn

%: no passive effects
@: no status effects
A: hooves 1, demonic guardian 1
a: Renounce Religion


You were on level 3 of the Dungeon.
You worshipped Ru.
Ru was noncommittal.
You visited 1 branch of the dungeon, and saw 3 of its levels.

You collected 52 gold pieces.

Inventory:

Hand Weapons
 f - a +0 war axe (weapon)
Armour
 a - a +0 robe (worn)
Scrolls
 e - a scroll of teleportation {unknown}
 g - a scroll of identify {unknown}
 k - a scroll of fear {unknown}
Potions
 b - a potion of magic
 i - a potion of curing {unknown}
 j - 3 potions of resistance


   Skills:
 * Level 0.8 Fighting
 * Level 0.4 Axes
 * Level 1.1 Armour
 * Level 2.0 Dodging
 * Level 1.9 Stealth
 * Level 2.6 Spellcasting
 * Level 0.3 Conjurations
 * Level 0.5 Translocations
 * Level 1.0 Transmutations
 * Level 3.5 Poison Magic


You had 2 spell levels left.
You knew the following spells:

 Your Spells              Type           Power      Damage    Failure   Level
a - Sting                 Tmut/Pois      32%        1d4       9%          1
b - Momentum Strike       Conj/Tloc      6%         3d8       26%         2
c - Mephitic Cloud        Conj/Pois/Air  5%         N/A       36%         3

Your spell library contained the following spells:

 Spells                   Type           Power      Damage    Failure   Level
 Poisonous Vapours        Pois/Air       14%        N/A       16%         2
 Wereblood                Tmut           5%         N/A       21%         2
 Blink                    Tloc           6%         N/A       26%         2
 Lesser Beckoning         Tloc           6%         N/A       26%         2
 Sublimation of Blood     Necr           1%         N/A       32%         2
 Olgreb's Toxic Radiance  Pois           12%        N/A       43%         4
 Gell's Gravitas          Tloc           3%         N/A       45%         3
 Teleport Other           Tloc           3%         N/A       45%         3
 Dispersal                Tloc           1%         N/A       100%        6
 Summon Hydra             Summ           0%         N/A       100%        7


Dungeon Overview and Level Annotations

Branches:
Dungeon (3/15)

Altars:
Fedhas
Hepliaklqana
Nemelex Xobeh
Ru
Sif Muna
Yredelemnul

Shops:
D:1 (


Innate Abilities, Weirdness & Mutations

You have large cloven feet.
A weak demonic guardian rushes to your aid.


Message History

You kill Ijyb!
Your transformation is almost over.
The gnoll hits you from afar with a +0 spear.
Your Armour skill increases to level 1!
You have reached level 4!
You feel stronger.
You feel monstrous as your demonic heritage exerts itself.
Your demonic ancestry asserts itself...
Your feet thicken and deform.
It was a potion of degeneration.
There was something very wrong with that liquid.
You feel weakened.
You feel dopey.
You feel clumsy.
The gnoll hits you from afar with a +0 spear.
* * * LOW HITPOINT WARNING * * *
The gnoll hits you but does no damage.
The bat hits the gnoll.
It was a potion of heal wounds.
You feel much better.
The gnoll hits you from afar with a +0 spear.
The gnoll hits you but does no damage.
You closely miss the gnoll.
The gnoll hits you but does no damage. x4
You hit the gnoll.
The gnoll is moderately wounded.
The gnoll hits you from afar with a +0 spear.
The gnoll hits you with a +0 flail!
You closely miss the gnoll.
The gnoll is moderately wounded.
The gnoll hits you from afar with a +0 spear.
The gnoll hits you but does no damage. x2
The gnoll hits you from afar with a +0 spear.
You closely miss the gnoll.
The gnoll is moderately wounded.
You feel less wooden.
Your +0 robe unmelds from your body.
The bat hits the gnoll but does no damage.
The gnoll barely misses you. x2
You hit the gnoll. You kick the gnoll, but do no damage.
The gnoll is heavily wounded.
The gnoll misses you. The gnoll hits you with a +0 flail!
* * * LOW HITPOINT WARNING * * *
A demonic guardian appears!
The gnoll hits you with a +0 flail.
You die...

..#....._#.# #.......#
#...#....#.####.......#
......#..#†..##.......#
......)..'..........b.#
.......†.'....#.......#
......#..#...##.......#
#...#....#.####..g....#
^.#....._#.# ##g######
.......###'####.@#
.....####.....#5##
##_###. #.....#.#
###....#.....#.#
......##'###..#
.........###.######
#.#####..##.......#
....###..#....)...#
#......#.#......#


You could see 2 gnolls, a bat (confused) and a friendly white imp (summoned).

Vanquished Creatures
  Ijyb (D:3)
  An adder (D:2)
  2 worms (D:2)
  2 dart slugs (D:3)
  4 ball pythons
  2 giant cockroaches (D:2)
  2 goblins
  3 hobgoblins
  2 jackals (D:3)
  A quokka (D:2)
  3 bats
  4 frilled lizards
  5 kobolds
  3 rats
35 creatures vanquished.

Notes
Turn   | Place    | Note
-------+----------+-------------------------------------------
     0 | D:1      | ChrisAssaf the Demonspawn Venom Mage began the quest for
                  | the Orb.
     0 | D:1      | Reached XP level 1. HP: 13/13 MP: 3/3
   108 | D:1      | Found Enug's Antique Weapon Shop.
   266 | D:1      | Gained mutation: A weak demonic guardian rushes to your
                  | aid. [demonic ancestry]
   266 | D:1      | Reached XP level 2. HP: 15/19 MP: 3/5
   269 | D:1      | Learned a level 2 spell: Momentum Strike
   651 | D:2      | Reached skill level 1 in Transmutations
   651 | D:2      | Reached XP level 3. HP: 17/25 MP: 4/6
   655 | D:2      | Learned a level 3 spell: Mephitic Cloud
   852 | D:3      | Found a basalt altar of Yredelemnul.
   852 | D:3      | Found a sparkling altar of Nemelex Xobeh.
   852 | D:3      | Found a hazy altar of Hepliaklqana.
   852 | D:3      | Found a blossoming altar of Fedhas.
   875 | D:3      | Found a shimmering blue altar of Sif Muna.
   880 | D:3      | Found a sacrificial altar of Ru.
   916 | D:3      | Became a worshipper of Ru the Awakened
   974 | D:3      | Noticed Ijyb
  1049 | D:3      | Killed Ijyb
  1050 | D:3      | Reached skill level 1 in Armour
  1050 | D:3      | Discovered your monstrous ancestry.
  1050 | D:3      | Gained mutation: You have large cloven feet. [demonic
                  | ancestry]
  1050 | D:3      | Reached XP level 4. HP: 14/31 MP: 3/7
  1056 | D:3      | Slain by a gnoll

Illustrated notes

Levels and vault maps discovered:
D:1:      wander_arrival_desolate, layout_loops_corners, serial_shops, shop,
          shop, nicolae_shop_scrapyard, shop, nicolae_shop_peninsula,
          nrook_mini_vaults, minmay_hexomino_f4
D:2:      layout_basic, uniq_natasha
D:3:      layout_basic, minmay_overflow_temple_hex,
          mainiacjoe_overflow_two_lobes, uniq_ijyb

Skill      XL: |  1  2  3 |
---------------+----------+-----
Dodging        | 2 |  2.0
Transmutations | 1 |  1.0
Armour         | 1 |  1.1
Fighting       | |  0.8
Axes           | |  0.4
Stealth        | |  1.9
Spellcasting   | |  2.6
Conjurations   | |  0.3
Translocations | |  0.5
Poison Magic   | |  3.5

Action                     |  1- 3 |  4- 6 || total
---------------------------+-------+-------++-------
  Melee: War axe           |    40 |     5 ||    45
         Unarmed           |     8 |       ||     8
         Kick              |       |     1 ||     1
   Cast: Sting             |    32 |       ||    32
         Momentum Strike   |     4 |       ||     4
         Mephitic Cloud    |     2 |       ||     2
    Use: Scroll            |     2 |       ||     2
         Potion            |     1 |     2 ||     3
   Stab: Sleeping          |     1 |       ||     1
 Armour: Robe              |    14 |       ||    14
         Skin              |    15 |     8 ||    23
  Dodge: Dodged            |    91 |     3 ||    94
